[Event "Titled Tuesday Blitz August 16 Early 2022"]
[White "Xie, Bryan"]
[Black "Astafurov, Arseniy"]
[WhiteFideId "30941296"]
[BlackFideId "24175218"]
[WhiteElo "1899"]
[BlackElo "2163"]
[Result "1-0"]
[Round "02"]
[TimeControl "180+2"]
[Date "2022.08.18"]
[WhiteClock "0:00:00"]
[BlackClock "0:00:00"]

1. e4 c5 2. Nf3 e6 3. d4 cxd4 4. Nxd4 Nc6 5. Nc3 Qc7 6. Be3 a6 7. Qf3 Nf6 8. Nxc6 bxc6 9. g4 d5 10. g5 Nxe4 11. Nxe4 dxe4 12. Qxe4 Qa5+ 13. c3 Qd5 14. Bg2 Rb8 15. Rd1 Qxe4 16. Bxe4 Bd7 17. Rd2 h6 18. h4 hxg5 19. hxg5 Rxh1+ 20. Bxh1 Be7 21. f4 Rc8 22. Be4 c5 23. Bb7 Rc7 24. Bxa6 Bc6 25. Bc4 Ra7 26. g6 fxg6 27. Bxe6 Rb7 28. Bb3 Be4 29. Kf2 Bh4+ 30. Kg1 Rc7 31. Re2 Bf3 32. Rh2 Bf6 33. Rh8+ Ke7 34. a4 c4 35. Ba2 Be4 36. Rb8 Bd3 37. a5 Rc6 38. Rb7+ Kd8 39. Bb6+ Kc8 40. Rf7 Re6 41. Rf8+ Kb7 42. Rf7+ Ka6 43. Ra7+ Kb5 44. Bc7 Be7 45. Ra8 Bd6 46. Bxd6 Rxd6 47. Kf2 Re6 48. Kf3 Be2+ 49. Kg3 Bd3 50. Kg4 Re2 51. Kg5 Rg2+ 52. Kh4 Rxb2 53. Rb8+ Kxa5 54. Rxb2 1-0


[Site "https://www.chess.com"]

[Event "Titled Tuesday Blitz August 16 Early 2022"]
[White "Yaksin, Oleg"]
[Black "Chigaev, Maksim"]
[WhiteFideId "24105880"]
[BlackFideId "4108116"]
[WhiteElo "2256"]
[BlackElo "2487"]
[Result "0-1"]
[Round "02"]
[TimeControl "180+1"]
[Date "2022.08.16"]
[WhiteClock "0:00:05"]
[BlackClock "0:00:29"]

1. d4 Nf6 2. Bg5 g6 3. Bxf6 exf6 4. e3 d5 5. Nd2 h5 6. Bd3 c6 7. h3 Bd6 8. Qf3 f5 9. Ne2 Qe7 10. a3 Nd7 11. c4 Nf6 12. cxd5 Nxd5 13. Rc1 Bd7 14. Nc4 Bc7 15. O-O O-O 16. Rfd1 Rfe8 17. Bb1 Rad8 18. Ba2 Be6 19. Bb1 h4 20. b4 Qg5 21. Nb2 Nf6 22. Nc3 Bb3 23. Re1 Nd5 24. e4 Nxc3 25. Qxc3 Bf4 26. Qxb3 Bxc1 27. Nd3 Bd2 28. f4 Qg3 29. Re2 fxe4 30. Nf2 Qxb3 0-1


[Site "https://www.chess.com"]

[Event "Titled Tuesday Blitz August 16 Early 2022"]
[White "Yedidia, Daniel"]
[Black "Santeramo, Alessia Carmen"]
[WhiteFideId "30905907"]
[BlackFideId "850810"]
[WhiteElo "2054"]
[BlackElo "2041"]
[Result "1/2-1/2"]
[Round "02"]
[TimeControl "180+2"]
[Date "2022.08.18"]
[WhiteClock "0:00:00"]
[BlackClock "0:00:00"]

1. d4 f6 2. Nf3 e6 3. e4 g6 4. Bd3 Bg7 5. O-O Ne7 6. Re1 O-O 7. c4 d5 8. Nc3 c6 9. Qe2 Kh8 10. Be3 Bd7 11. Rad1 Be8 12. b4 Bf7 13. b5 Nd7 14. a4 dxc4 15. Bxc4 cxb5 16. Bxb5 Rc8 17. Rc1 a6 18. Bd3 Qa5 19. Qb2 Nb6 20. d5 Nc4 21. Bxc4 Rxc4 22. Bb6 Rb4 23. Bxa5 Rxb2 24. Nd1 Ra2 25. Bb4 Re8 26. Rc7 Bf8 27. d6 Nc6 28. Bc5 Kg8 29. Rxb7 Rxa4 30. Rc7 Nb8 31. Ne3 Rxe4 32. Rd1 Rd8 33. h3 a5 34. Rb1 Nd7 35. Ba3 Ra4 36. Nc4 e5 37. Rxd7 Rxd7 38. Nb6 Rxa3 39. Nxd7 Bxd6 40. Nxf6+ Kg7 41. Ne4 a4 42. Nxd6 Rb3 43. Ra1 a3 44. Nc4 Bxc4 45. Nd2 Rc3 46. Nxc4 Rxc4 47. Rxa3 Rc1+ 48. Kh2 Rc2 49. Kg3 Rc4 50. Ra6 Rf4 51. Re6 Rf5 52. f3 Kf7 53. Rb6 h5 54. h4 Rf4 55. Rb5 Rf5 56. Kf2 Kf6 57. Ke3 Rf4 58. Rb6+ Kf5 59. g3 Rc4 60. Rb3 Ra4 61. Rc3 Rb4 62. Rc8 Rb3+ 63. Kf2 Ra3 64. Rf8+ Ke6 65. Kg2 Ke7 66. Rg8 Kf7 67. Rc8 Kf6 68. Rc2 Rb3 69. Re2 Ra3 70. Kf2 Rb3 71. Re3 Rb2+ 72. Re2 Rb3 73. Rd2 Ra3 74. Ke2 Rb3 75. Rd3 Rb2+ 76. Ke3 Rb4 77. Ra3 Rc4 78. Rb3 Ra4 79. Rb6+ Kf5 80. Rb3 Kf6 81. Rb6+ Kf5 82. Rb3 Kf6 1/2-1/2


[Site "https://www.chess.com"]

[Event "Titled Tuesday Blitz August 16 Early 2022"]
[White "Zemlyanskii, Ivan"]
[Black "Zaksaite, Salomeja"]
[WhiteFideId "24249971"]
[BlackFideId "12801496"]
[WhiteElo "1879"]
[BlackElo "1953"]
[Result "1-0"]
[Round "02"]
[TimeControl "180+2"]
[Date "2022.08.18"]
[WhiteClock "0:00:00"]
[BlackClock "0:00:00"]

1. d4 Nf6 2. c4 g6 3. Nf3 Bg7 4. Nc3 d6 5. e4 O-O 6. Be2 e5 7. O-O exd4 8. Nxd4 Re8 9. f3 Nc6 10. Be3 Bd7 11. Qd2 Nxd4 12. Bxd4 Nh5 13. Bxg7 Nxg7 14. Rfd1 Kh8 15. c5 f5 16. cxd6 cxd6 17. Qxd6 Bc6 18. Qxd8 Raxd8 19. Rxd8 Rxd8 20. Rd1 Re8 21. Bd3 fxe4 22. Bxe4 Bxe4 23. Nxe4 Nf5 24. Rd7 Re7 25. Rxe7 Nxe7 26. Kf2 Kg7 27. Nd6 b6 28. Ke3 Kf6 29. Nb5 a6 30. Nc7 a5 31. Ke4 h5 32. f4 Nf5 33. Nd5+ Ke6 34. Nxb6 Nh4 35. g3 Ng2 36. Nc4 a4 37. b4 1-0


[Site "https://www.chess.com"]

[Event "Titled Tuesday Blitz August 16 Early 2022"]
[White "Zenin, Dmitry"]
[Black "Tifferet, Shaked"]
[WhiteFideId "4127897"]
[BlackFideId "2811529"]
[WhiteElo "2215"]
[BlackElo "2083"]
[Result "1-0"]
[Round "02"]
[TimeControl "180+2"]
[Date "2022.08.18"]
[WhiteClock "0:00:00"]
[BlackClock "0:00:00"]

1. c4 c5 2. Nc3 Nc6 3. g3 e6 4. Bg2 Nf6 5. e4 b6 6. Nge2 Bb7 7. O-O h5 8. h3 Qc7 9. d3 a6 10. Bf4 Bd6 11. Bxd6 Qxd6 12. f4 e5 13. fxe5 Nxe5 14. Nf4 O-O-O 15. Nfd5 Nxd5 16. cxd5 c4 17. d4 Nd3 18. e5 Qg6 19. Qf3 f6 20. exf6 Rhf8 21. f7 d6 22. Qf5+ Qxf5 23. Rxf5 Rd7 24. Raf1 Nxb2 25. Ne4 Kc7 26. Ng5 Kd8 27. Ne6+ Ke7 28. Nxf8 Kxf8 29. Rxh5 Rxf7 30. Rh8+ Ke7 31. Rxf7+ Kxf7 32. Rb8 b5 33. Rxb7+ Kf6 34. Be4 g6 35. Rd7 b4 36. Rxd6+ Ke7 37. Rxa6 Kd7 38. Rb6 Nd3 39. Bxd3 cxd3 40. Rxb4 Kd6 41. Rb3 d2 42. Rd3 Kxd5 43. Rxd2 Ke4 44. a4 g5 45. a5 g4 46. hxg4 Kf3 47. a6 Kxg4 48. a7 Kxg3 49. a8=Q Kf4 50. Rf2+ Ke3 51. Qf3+ Kxd4 52. Rd2+ Ke5 53. Qe3+ Kf5 54. Rf2+ Kg4 55. Qf3+ Kh4 56. Rh2+ Kg5 57. Rg2+ Kh4 58. Qg4# 1-0


[Site "https://www.chess.com"]

[Event "Titled Tuesday Blitz August 16 Early 2022"]
[White "Zherebtsova, Alexandra"]
[Black "Djokic, Mihailo"]
[WhiteFideId "24129518"]
[BlackFideId "976440"]
[WhiteElo "2025"]
[BlackElo "2246"]
[Result "0-1"]
[Round "02"]
[TimeControl "180+2"]
[Date "2022.08.18"]
[WhiteClock "0:00:00"]
[BlackClock "0:00:00"]

1. d4 Nf6 2. Nf3 g6 3. c4 Bg7 4. Nc3 O-O 5. e4 d6 6. h3 e5 7. d5 a5 8. g4 Na6 9. Be3 Nc5 10. Nd2 c6 11. Qc2 Bd7 12. O-O-O cxd5 13. cxd5 a4 14. Kb1 Qb8 15. Bxc5 dxc5 16. Bb5 a3 17. b3 Rd8 18. Qd3 h5 19. g5 Ne8 20. Nc4 b6 21. f3 Nd6 22. Bxd7 Rxd7 23. Nxd6 Qxd6 24. Nb5 Qe7 25. d6 Qxg5 26. Qd5 Rad8 27. Qc6 Qg2 0-1


[Site "https://www.chess.com"]

[Event "Titled Tuesday Blitz August 16 Early 2022"]
[White "Zhigalko, Sergei"]
[Black "Brodowski, Piotr"]
[WhiteFideId "13502956"]
[BlackFideId "1124480"]
[WhiteElo "2662"]
[BlackElo "2312"]
[Result "1-0"]
[Round "02"]
[TimeControl "180+1"]
[Date "2022.08.16"]
[WhiteClock "0:00:05"]
[BlackClock "0:00:02"]

1. e4 g6 2. d4 Bg7 3. Nc3 a6 4. Nf3 d6 5. Be3 b5 6. a4 b4 7. Ne2 Bb7 8. Ng3 Nd7 9. a5 c5 10. c3 bxc3 11. bxc3 Ngf6 12. Bd3 O-O 13. O-O Qc7 14. h3 d5 15. e5 Ne4 16. Bxe4 dxe4 17. Ng5 cxd4 18. cxd4 Bd5 19. N5xe4 f5 20. exf6 exf6 21. Qa4 f5 22. Rac1 Qa7 23. Nc3 Nf6 24. Nxd5 Nxd5 25. Rc5 Rad8 26. Qc4 Qf7 27. Bg5 Rd7 28. Re1 f4 29. Ne4 h6 30. Bh4 g5 31. Bxg5 hxg5 32. Nxg5 Qf5 33. Nf3 Qf7 34. Ng5 Qf5 35. Nf3 Qf7 36. Qxa6 Nf6 37. Ne5 Qe8 38. Qc4+ Kh8 39. a6 Re7 40. Rc6 1-0


[Site "https://www.chess.com"]

[Event "Titled Tuesday Blitz August 16 Early 2022"]
[White "Zia, Tahsin Tajwar"]
[Black "Gabdrakhmanov, Azat"]
[WhiteFideId "10211888"]
[BlackFideId "34189197"]
[WhiteElo "1800"]
[BlackElo "2293"]
[Result "1-0"]
[Round "02"]
[TimeControl "180+2"]
[Date "2022.08.18"]
[WhiteClock "0:00:00"]
[BlackClock "0:00:00"]

1. d4 Nf6 2. c4 g6 3. g3 Bg7 4. Bg2 O-O 5. Nc3 d6 6. Nf3 c5 7. d5 Na6 8. O-O Nc7 9. e4 Rb8 10. a4 a6 11. Qe2 b5 12. axb5 axb5 13. cxb5 Bd7 14. Rd1 Nxb5 15. e5 dxe5 16. Nxe5 Nd4 17. Qa6 Ng4 18. Nc6 Bxc6 19. dxc6 h5 20. Nd5 Rc8 21. Nb6 Rc7 22. Bf4 e5 23. Be3 Qe8 24. Nd7 Rxd7 25. cxd7 Qxd7 26. h3 Nf6 27. Qc4 Rc8 28. Ra5 Qe7 29. Rda1 h4 30. Ra7 Qd6 31. Qxf7+ Kh8 32. Qxg7# 1-0


[Site "https://www.chess.com"]

[Event "Titled Tuesday Blitz August 16 Early 2022"]
[White "Ziatdinov, Raset"]
[Black "Bodnar, Nikolay"]
[WhiteFideId "2015323"]
[BlackFideId "14106469"]
[WhiteElo "2220"]
[BlackElo "2283"]
[Result "0-1"]
[Round "02"]
[TimeControl "180+2"]
[Date "2022.08.18"]
[WhiteClock "0:00:00"]
[BlackClock "0:00:00"]

1. e4 c6 2. d4 d5 3. Nc3 dxe4 4. Nxe4 Bf5 5. Ng3 Bg6 6. h4 h6 7. h5 Bh7 8. Bd3 Bxd3 9. Qxd3 e6 10. Nf3 Nf6 11. Bd2 Be7 12. O-O-O Nbd7 13. Ne4 Nxe4 14. Qxe4 Nf6 15. Qe2 Qd5 16. Ne5 Qxa2 17. c4 a5 18. Kc2 Qa4+ 19. Kb1 Rd8 20. Bc1 Nd7 21. f4 O-O 22. g4 Nxe5 23. dxe5 Rxd1 24. Rxd1 Rd8 25. Rxd8+ Bxd8 26. Qd3 Bh4 27. Qd7 Qxc4 28. Qxb7 Qe4+ 29. Ka2 Qa4+ 30. Kb1 Qe4+ 31. Ka2 Qc2 32. g5 Qxc1 33. Qc8+ Kh7 34. g6+ fxg6 35. hxg6+ Kxg6 36. Qxe6+ Kh5 37. Qf7+ Kg4 38. Qxg7+ Kxf4 39. Qxh6+ Bg5 40. Qf8+ Kxe5 41. Qe8+ Kf5 42. Qd7+ Kg6 43. Qd3+ Kh5 44. Qh7+ Kg4 45. Qe4+ Kg3 46. Qe5+ Bf4 47. Qxa5 Kf3 48. Qa3+ Ke4 49. Qe7+ Kd5 50. Qd7+ Kc5 51. Qe7+ Kb5 52. Qb7+ Kc5 53. Qe7+ Bd6 54. Qa7+ Kd5 55. Qf7+ Ke5 56. Qg7+ Ke6 57. Qg6+ Kd7 58. Qf7+ Be7 59. Qf5+ Kd8 60. Qa5+ Ke8 61. Qa8+ Kf7 62. Qa6 Qc5 63. Qf1+ Ke8 64. Qh3 Qd5+ 65. Kb1 Kd8 66. Qh8+ Kc7 67. Qh2+ Qd6 68. Qh7 c5 69. Qc2 Qc6 70. Qc4 Bd6 71. Qf7+ Kb6 72. Qf1 Qb5 73. Qf6 Qd3+ 74. Ka2 Qd5+ 75. Kb1 Qd1+ 76. Ka2 Qd5+ 77. Kb1 c4 78. Qd8+ Kb5 79. Qd7+ Kb4 80. Qh3 Qd3+ 81. Ka1 Qxh3 0-1


[Site "https://www.chess.com"]

[Event "Titled Tuesday Blitz August 16 Early 2022"]
[White "Zlatin, Alexander"]
[Black "Nazari, Arad"]
[WhiteFideId "2810549"]
[BlackFideId "12577324"]
[WhiteElo "2228"]
[BlackElo "2129"]
[Result "0-1"]
[Round "02"]
[TimeControl "180+2"]
[Date "2022.08.18"]
[WhiteClock "0:00:00"]
[BlackClock "0:00:00"]

1. e4 c6 2. d4 d5 3. exd5 cxd5 4. Bd3 Nf6 5. c3 g6 6. Nf3 Bg7 7. Bf4 Nc6 8. O-O Bf5 9. Re1 O-O 10. h3 e6 11. Qe2 a6 12. a4 Na5 13. Nbd2 Rc8 14. Ne5 g5 15. Bxg5 Bg6 16. Ng4 h5 17. Ne5 Bxd3 18. Qxd3 Qb6 19. Qf3 Ne4 20. Nxe4 dxe4 21. Qxe4 Qxb2 22. Nd7 Qxc3 23. Nf6+ Bxf6 24. Bxf6 Qc2 25. Qf4 Qg6 26. Re5 Nb3 27. Rae1 Rc1 28. Rxc1 Nxc1 29. Kh2 Nd3 30. Qh4 Nxe5 31. dxe5 Rc8 32. f4 Rc2 33. Bg5 Qe4 34. Qg3 Kh7 35. Bf6 Qg6 36. Bg5 b5 37. axb5 axb5 38. Qb3 Qe4 39. Qg3 b4 40. Bh4 Qg6 41. Bg5 Qe4 42. Bf6 Qxg2+ 43. Qxg2 Rxg2+ 44. Kxg2 b3 45. f5 b2 46. fxe6 fxe6 0-1


[Site "https://www.chess.com"]

[Event "Titled Tuesday Blitz August 16 Early 2022"]
[White "Acor, Corey"]
[Black "Subelj, Jan"]
[WhiteFideId "2024861"]
[BlackFideId "14618583"]
[WhiteElo "2340"]
[BlackElo "2331"]
[Result "1/2-1/2"]
[Round "03"]
[TimeControl "180+1"]
[Date "2022.08.16"]
[WhiteClock "0:00:52"]
[BlackClock "0:01:28"]

1. e4 e5 2. Nf3 Nc6 3. Bc4 Bc5 4. c3 Nf6 5. d4 exd4 6. cxd4 Bb4+ 7. Bd2 Bxd2+ 8. Nbxd2 d5 9. exd5 Nxd5 10. O-O O-O 11. Rc1 Be6 12. Re1 Nf4 13. Ne4 Bxc4 14. Rxc4 Qd5 15. b3 Rad8 16. Qd2 Ne6 17. Nc3 Qa5 18. d5 Ne7 19. Rd1 c6 20. d6 Nc8 21. Ra4 Qf5 22. Nd4 1/2-1/2


[Site "https://www.chess.com"]

[Event "Titled Tuesday Blitz August 16 Early 2022"]
[White "Acosta Cruz, Oscar Yosimar"]
[Black "Proudian, Armen"]
[WhiteFideId "5111269"]
[BlackFideId "2130734"]
[WhiteElo "2147"]
[BlackElo "2380"]
[Result "1-0"]
[Round "03"]
[TimeControl "180+2"]
[Date "2022.08.18"]
[WhiteClock "0:00:00"]
[BlackClock "0:00:00"]

1. b3 e5 2. Bb2 Nc6 3. e3 a6 4. c4 Nf6 5. Be2 d5 6. cxd5 Nxd5 7. Nf3 Bd6 8. O-O O-O 9. d4 e4 10. Ne5 Bxe5 11. dxe5 Be6 12. Nd2 Qh4 13. g3 Qe7 14. Nxe4 Rad8 15. Qc2 Bh3 16. Rfd1 Nxe5 17. Qc5 Rfe8 18. Rxd5 Rxd5 19. Qxd5 Ng4 20. Ng5 Nxe3 21. fxe3 Qxe3+ 22. Kh1 Be6 23. Nxe6 Qxe2 24. Qd4 f6 25. Nf4 Qf3+ 26. Kg1 h5 27. Rf1 Qe3+ 28. Qxe3 Rxe3 29. Kf2 Re4 30. Re1 Rb4 31. Nxh5 Rb5 32. Nf4 Ra5 33. a4 Rf5 34. Re8+ Kf7 35. Rc8 g5 36. Rxc7+ Ke8 37. Rxb7 gxf4 38. gxf4 Rxf4+ 39. Kg2 Rg4+ 40. Kf2 Rf4+ 41. Kg3 Re4 42. Bxf6 Re6 43. Bg5 Rg6 44. h4 Rc6 45. Kg4 Rc3 46. h5 Rc1 47. h6 Rg1+ 48. Kh5 Rh1+ 49. Kg6 a5 50. h7 Kf8 51. h8=Q+ Rxh8 52. Rb8# 1-0


[Site "https://www.chess.com"]

[Event "Titled Tuesday Blitz August 16 Early 2022"]
[White "Agasarov, Benik"]
[Black "Vusatiuk, Vladimir"]
[WhiteFideId "13314823"]
[BlackFideId "14118610"]
[WhiteElo "2152"]
[BlackElo "2157"]
[Result "1-0"]
[Round "03"]
[TimeControl "180+2"]
[Date "2022.08.18"]
[WhiteClock "0:00:00"]
[BlackClock "0:00:00"]

1. d4 Nf6 2. c4 e6 3. Nc3 Bb4 4. Nf3 O-O 5. Bg5 d5 6. e3 b6 7. cxd5 exd5 8. Bd3 h6 9. Bh4 Be7 10. O-O Bb7 11. Rc1 c5 12. Ne5 Nc6 13. Nxc6 Bxc6 14. Qf3 Ne4 15. Bxe7 Qxe7 16. Bxe4 dxe4 17. Qd1 Rfd8 18. Qh5 cxd4 19. Ne2 Rd5 20. Qg4 Bb5 21. Rfd1 h5 22. Rc8+ Rxc8 23. Qxc8+ Rd8 24. Qxd8+ Qxd8 25. Nxd4 Bd3 26. Rc1 g6 27. g3 Qd5 28. b3 a5 29. h4 a4 30. Rc8+ Kg7 31. Rc6 axb3 32. axb3 b5 33. Rc7 Qe5 34. Rd7 Qf6 35. Rc7 Qa6 36. Kg2 Qa1 37. Ne6+ Kf6 38. Ng5 Qf1+ 39. Kh2 Qxf2+ 40. Kh1 Bf1 41. Rxf7+ 1-0


[Site "https://www.chess.com"]

[Event "Titled Tuesday Blitz August 16 Early 2022"]
[White "Ajay, Karthikeyan"]
[Black "Fiorito, Joaquin"]
[WhiteFideId "35011685"]
[BlackFideId "180173"]
[WhiteElo "2168"]
[BlackElo "1758"]
[Result "1-0"]
[Round "03"]
[TimeControl "180+2"]
[Date "2022.08.18"]
[WhiteClock "0:00:00"]
[BlackClock "0:00:00"]

1. e4 c6 2. Nf3 d5 3. Nc3 Bg4 4. h3 Bxf3 5. Qxf3 Nf6 6. Be2 e6 7. O-O Nbd7 8. d4 dxe4 9. Nxe4 Nxe4 10. Qxe4 Nf6 11. Qd3 Be7 12. a4 O-O 13. a5 a6 14. c3 Qc7 15. g3 c5 16. dxc5 Bxc5 17. Kg2 Rad8 18. Qc4 Rd7 19. Bf3 Rfd8 20. b4 Bd6 21. Qxc7 Rxc7 22. Be3 Rb8 23. Rac1 Be5 24. c4 Rbc8 25. b5 Nd7 26. Rfd1 Nb8 27. Bb6 Re7 28. Bc5 Rec7 29. Ba3 g6 30. b6 Rxc4 31. Bxb7 Rc2 32. Bxc8 1-0


[Site "https://www.chess.com"]

[Event "Titled Tuesday Blitz August 16 Early 2022"]
[White "Albertini, Luca"]
[Black "Gheorghiu, Calin"]
[WhiteFideId "847038"]
[BlackFideId "1200305"]
[WhiteElo "2207"]
[BlackElo "2168"]
[Result "0-1"]
[Round "03"]
[TimeControl "180+2"]
[Date "2022.08.18"]
[WhiteClock "0:00:00"]
[BlackClock "0:00:00"]

1. e4 c5 2. Nf3 d6 3. d4 cxd4 4. Qxd4 Nc6 5. Bb5 Bd7 6. Bxc6 Bxc6 7. c4 Nf6 8. Nc3 g6 9. Bg5 Bg7 10. Qd3 O-O 11. O-O Qa5 12. Nd5 Bxd5 13. exd5 Rac8 14. b3 Rfe8 15. Rae1 b5 16. Bxf6 bxc4 17. bxc4 Bxf6 18. Nd4 Bxd4 19. Qxd4 Qxa2 20. Ra1 Qxc4 21. Qxc4 Rxc4 22. Rxa7 Rc5 23. Rd1 f5 24. g3 g5 25. Kg2 Kf7 26. h3 h6 27. Rd2 Kf6 28. f4 gxf4 29. gxf4 Rc3 30. Kf2 Rxh3 31. Kg2 Re3 32. Kf2 Re4 33. Kf3 Rc8 34. Ra3 Rcc4 35. Rh2 Rxf4+ 36. Ke3 Rh4 37. Rf2 Rh3+ 38. Rf3 Re4+ 39. Kf2 Rxf3+ 40. Kxf3 Rd4 41. Ra5 h5 42. Kg3 h4+ 43. Kh3 Kg5 44. Ra7 Rd3+ 45. Kh2 Re3 46. Ra8 Kf4 47. Re8 Re5 48. Kh3 Ke4 49. Kxh4 Kxd5 50. Kg3 Re4 51. Rf8 f4+ 52. Kf3 e5 53. Ra8 Re3+ 54. Kf2 Ke4 55. Ra5 d5 56. Ra4+ d4 57. Ra8 Rc3 58. Ra2 Kf5 59. Ra5 d3 60. Kf3 d2+ 61. Ke2 Rd3 62. Kd1 Rd4 63. Ra8 Ke4 64. Rh8 Ke3 65. Rh2 f3 66. Rh3 Ra4 0-1


[Site "https://www.chess.com"]

[Event "Titled Tuesday Blitz August 16 Early 2022"]
[White "Alexikov, Alexander"]
[Black "Namitbir Singh Walia"]
[WhiteFideId "14103958"]
[BlackFideId "35071068"]
[WhiteElo "2253"]
[BlackElo "1664"]
[Result "0-1"]
[Round "03"]
[TimeControl "180+2"]
[Date "2022.08.18"]
[WhiteClock "0:00:00"]
[BlackClock "0:00:00"]

1. e4 e5 2. Nf3 Nc6 3. c3 d5 4. Qa4 Qd6 5. Bb5 Bd7 6. d4 exd4 7. exd5 Qxd5 8. cxd4 Nb4 9. Bxd7+ Qxd7 10. Qb3 Qc6 11. Nc3 Nd3+ 12. Ke2 Nxc1+ 13. Raxc1 Bd6 14. Rhe1 Ne7 15. Nb5 Qa6 16. Qc4 Rc8 17. Kf1 O-O 18. Kg1 Ng6 19. g3 h6 20. h4 Rfd8 21. Re4 Qb6 22. b3 a6 23. Nc3 c5 24. d5 Qc7 25. Kg2 b5 26. Qe2 Qd7 27. Rd1 Re8 28. a4 Rxe4 29. Nxe4 Re8 30. Qc2 Qc7 31. axb5 axb5 32. Nc3 Qd7 33. Qd3 Rb8 34. Re1 Nf8 35. Ne4 Qc7 36. Re3 c4 37. bxc4 bxc4 38. Qc2 Rc8 0-1


[Site "https://www.chess.com"]

[Event "Titled Tuesday Blitz August 16 Early 2022"]
[White "Andreikin, Dmitry"]
[Black "Mahdavi, Reza"]
[WhiteFideId "4158814"]
[BlackFideId "12595926"]
[WhiteElo "2736"]
[BlackElo "2226"]
[Result "1-0"]
[Round "03"]
[TimeControl "180+1"]
[Date "2022.08.16"]
[WhiteClock "0:00:55"]
[BlackClock "0:00:03"]

1. d4 Nf6 2. c4 g6 3. Nc3 d5 4. cxd5 Nxd5 5. e4 Nxc3 6. bxc3 Bg7 7. Be3 c5 8. Qd2 O-O 9. Nf3 Qa5 10. Rb1 cxd4 11. cxd4 Qxd2+ 12. Kxd2 b6 13. Bb5 Bb7 14. d5 Rd8 15. Rhc1 Na6 16. Ke2 Rac8 17. Nd4 Nc5 18. f3 e6 19. Nc6 Bxc6 20. Bxc6 exd5 21. Bxd5 Be5 22. Bxc5 bxc5 23. Rb7 Rc7 24. Rxc7 Bxc7 25. g3 Bb6 26. Kd3 Kg7 27. Kc4 Rb8 28. Rb1 Kf6 29. f4 Ke7 30. e5 f6 31. Re1 fxe5 32. Rxe5+ Kd6 33. Re6+ Kd7 34. Rf6 Bd8 35. Rf7+ Be7 36. Rxh7 Rb4+ 37. Kc3 Rd4 38. Bf7 Rd6 39. h4 Ra6 40. Kb3 Rb6+ 41. Kc4 Ra6 42. Rg7 Bf6 43. Rxg6 Ke7 44. Bd5 Rxa2 45. h5 Rc2+ 46. Kb5 a6+ 47. Kc6 c4 48. h6 c3 49. g4 Rh2 50. g5 Bd4 51. Re6+ Kf8 52. Kd7 Kf7 53. Rf6# 1-0


[Site "https://www.chess.com"]

[Event "Titled Tuesday Blitz August 16 Early 2022"]
[White "Atakhan, Abtin"]
[Black "Legenia, Artem"]
[WhiteFideId "22502203"]
[BlackFideId "14136945"]
[WhiteElo "2371"]
[BlackElo "2092"]
[Result "1-0"]
[Round "03"]
[TimeControl "180+2"]
[Date "2022.08.18"]
[WhiteClock "0:00:00"]
[BlackClock "0:00:00"]

1. e4 Nf6 2. e5 Nd5 3. d4 d6 4. Nf3 Nb6 5. h3 Bf5 6. Bd3 Bxd3 7. Qxd3 dxe5 8. Nxe5 e6 9. Qf3 Qf6 10. Qxb7 Bd6 11. O-O Bxe5 12. dxe5 Qxe5 13. a4 Qd5 14. Qxc7 O-O 15. Qg3 Rc8 16. Nc3 Qc4 17. a5 N6d7 18. Bh6 g6 19. Ra4 Qc6 20. Rd1 Na6 21. Rd6 Qb7 22. Rad4 Nf6 23. Qe5 Ne8 24. Ne4 Nac7 25. Rd7 Qb5 26. Nf6+ Nxf6 27. Qxf6 Ne8 28. Qxf7+ 1-0


[Site "https://www.chess.com"]

[Event "Titled Tuesday Blitz August 16 Early 2022"]
[White "Atanasov, Anthony"]
[Black "Molina, Roberto Junio Brito"]
[WhiteFideId "2623897"]
[BlackFideId "2109450"]
[WhiteElo "1928"]
[BlackElo "2403"]
[Result "1-0"]
[Round "03"]
[TimeControl "180+1"]
[Date "2022.08.16"]
[WhiteClock "0:01:23"]
[BlackClock "0:01:51"]

1. e4 c6 2. d4 d5 3. exd5 cxd5 4. Bd3 Nc6 5. c3 Qc7 6. h3 e6 7. Nf3 Bd6 8. O-O Nge7 9. Na3 a6 10. Nc2 h6 11. Re1 O-O 12. Qe2 Bd7 13. Ne5 Rae8 14. f4 Bc8 15. Be3 f6 16. Ng6 Nxg6 17. Bxg6 Re7 18. Rf1 Bd7 19. Rae1 Be8 20. Qh5 Bxg6 21. Qxg6 Qd7 22. f5 Qe8 23. Qg4 Kh8 24. fxe6 Rxe6 25. Bxh6 Re7 26. Bxg7+ Rxg7 27. Rxe8 Rxg4 28. Rxf8+ Bxf8 29. hxg4 1-0


[Site "https://www.chess.com"]

[Event "Titled Tuesday Blitz August 16 Early 2022"]
[White "Averjanov, Alexey"]
[Black "Turzo, Attila"]
[WhiteFideId "14109867"]
[BlackFideId "704954"]
[WhiteElo "2399"]
[BlackElo "2298"]
[Result "1/2-1/2"]
[Round "03"]
[TimeControl "180+2"]
[Date "2022.08.18"]
[WhiteClock "0:00:00"]
[BlackClock "0:00:00"]

1. d4 Nf6 2. c4 g6 3. Nc3 d5 4. cxd5 Nxd5 5. e4 Nxc3 6. bxc3 Bg7 7. Nf3 c5 8. Be3 Qa5 9. Qd2 Bg4 10. Rc1 O-O 11. d5 Rd8 12. Be2 e6 13. Bg5 f6 14. Be3 exd5 15. exd5 Nd7 16. c4 Qxd2+ 17. Nxd2 Bxe2 18. Kxe2 f5 19. f4 b6 20. a4 Re8 21. Kf2 Nf6 22. h3 Ne4+ 23. Nxe4 Rxe4 24. Rhe1 Rae8 25. Bd2 Bd4+ 26. Kf3 Rxe1 27. Rxe1 Rxe1 28. Bxe1 Kf7 29. g4 Ke7 30. Bh4+ Kd6 31. Bd8 Kd7 32. Bg5 a6 33. Ke2 Bg7 34. Kd3 Bb2 35. Bh4 Bc1 36. Bg3 Kd6 37. Bh2 b5 38. axb5 axb5 39. Bg3 b4 40. Kc2 Be3 41. g5 Kd7 42. Kb3 Kd6 43. Kc2 Kd7 44. Kd3 Bc1 45. Kc2 Be3 1/2-1/2


[Site "https://www.chess.com"]

[Event "Titled Tuesday Blitz August 16 Early 2022"]
[White "Bachmann, Axel"]
[Black "Bok, Benjamin"]
[WhiteFideId "3700488"]
[BlackFideId "1017063"]
[WhiteElo "2595"]
[BlackElo "2658"]
[Result "0-1"]
[Round "03"]
[TimeControl "180+1"]
[Date "2022.08.16"]
[WhiteClock "0:00:46"]
[BlackClock "0:00:20"]

1. d4 Nf6 2. c4 e6 3. Nc3 Bb4 4. e3 O-O 5. Bd3 d5 6. Ne2 dxc4 7. Bxc4 c5 8. a3 Bxc3+ 9. bxc3 Qc7 10. Bd3 Nc6 11. O-O e5 12. h3 Rd8 13. Bb2 Be6 14. Qb1 h6 15. Rd1 Rac8 16. a4 b6 17. Ba6 Rb8 18. Bb5 Na5 19. dxe5 Qxe5 20. Rxd8+ Rxd8 21. c4 Qe4 22. Bxf6 Qxb1+ 23. Rxb1 gxf6 24. Rc1 Bc8 25. Rb1 a6 26. Bxa6 Bxa6 27. Rxb6 Bxc4 28. Nf4 Kf8 29. Rxf6 Rc8 30. Rxh6 Ke7 31. Rb6 Be6 32. Ne2 c4 33. Nc3 Rd8 34. Rb5 Nb3 35. a5 Rd3 36. Rb7+ Kf8 37. a6 Rxc3 38. a7 Rc1+ 39. Kh2 Ra1 40. Rb8+ Kg7 41. a8=Q Rxa8 42. Rxa8 c3 43. Ra2 Bf5 0-1


[Site "https://www.chess.com"]

[Event "Titled Tuesday Blitz August 16 Early 2022"]
[White "Balabayeva, Xeniya"]
[Black "Ingebretsen, Jens E"]
[WhiteFideId "13719688"]
[BlackFideId "1522965"]
[WhiteElo "1895"]
[BlackElo "2036"]
[Result "1-0"]
[Round "03"]
[TimeControl "180+2"]
[Date "2022.08.18"]
[WhiteClock "0:00:00"]
[BlackClock "0:00:00"]

1. e4 e6 2. d4 d5 3. Nd2 c5 4. Ngf3 Nc6 5. exd5 Qxd5 6. Bc4 Qd6 7. Ne4 Qd8 8. dxc5 Qxd1+ 9. Kxd1 f5 10. Nd6+ Bxd6 11. cxd6 Nf6 12. Bf4 Ne4 13. Ke2 Bd7 14. Bd3 g5 15. Nxg5 Nxg5 16. Bxg5 Rg8 17. Be3 Rxg2 18. Rag1 Rg6 19. h4 Kf7 20. h5 Rgg8 21. f4 Nb4 22. a3 Nd5 23. Kf2 Nf6 24. Bd4 Ng4+ 25. Ke2 Bc6 26. Rh3 h6 27. Rhg3 Rgd8 28. Be5 Rac8 29. Kd2 Ba4 30. b3 Bc6 31. Be2 Be4 32. c4 b5 33. Bxg4 fxg4 34. Rxg4 bxc4 35. Rg7+ Ke8 36. Re7+ Kf8 37. Bg7+ Kg8 38. Bxh6+ Kh8 39. Bg7+ Kg8 40. Be5+ Kf8 41. h6 c3+ 42. Kc1 c2 43. h7 Bxh7 44. Rxh7 Rxd6 45. Rh8+ Kf7 46. Rg7# 1-0


[Site "https://www.chess.com"]